 Dungeon Crawl Stone Soup version 0.21-a0-518-g43a1781948 (webtiles) character file.

28 Kaname the Magician (level 3, 23/24 HPs)
             Began as a Demonspawn Wizard on Dec 4, 2017.
             Quit the game on level 1 of the Dungeon.
             The game lasted 00:02:13 (999 turns).

Kaname the Magician (Demonspawn Wizard)              Turns: 999, Time: 00:02:13

Health: 23/24      AC:  2    Str:  7    XL:     3   Next: 0%
Magic:  7/7        EV: 11    Int: 18    God:
Gold:   55         SH:  3    Dex: 11    Spells: 5/8 levels left

rFire    . . .     SeeInvis .   p - +0 spear
rCold    . . .     Gourm    .   i - +0 buckler
rNeg     . . .     Faith    .   a - +0 robe
rPois    .         Spirit   .   b - +0 hat
rElec    .         Reflect  .   (no cloak)
rCorr    .         Harm     .   (no gloves)
MR       .....                  (no boots)
Stlth    ++........             (no amulet)
HPRegen  0.08/turn              l - -2 ring of intelligence (curse)
MPRegen  0.10/turn              (no ring)

@: no status effects
A: rot immunity, sanguine armour 1
a: no special abilities


You were on level 1 of the Dungeon.
You were not hungry.

You visited 1 branch of the dungeon, and saw 1 of its levels.

You collected 55 gold pieces.

Inventory:

Hand Weapons
 p - a +0 spear (weapon)
Armour
 a - a +0 robe (worn)
 b - a +0 hat (worn)
 i - a +0 buckler (worn)
Jewellery
 l - a cursed -2 ring of intelligence (left hand)
Scrolls
 h - a scroll of identify {unknown}
 o - a scroll of fear {unknown}
Potions
 e - 4 potions of curing {unknown}
 f - a potion of brilliance {unknown}
 g - a potion of degeneration {unknown}
 j - a potion of lignification {unknown}
 n - a potion of might {unknown}
Books
 c - a book of Minor Magic

   Spells                             Type                      Level
   a - Magic Dart                     Conjuration                  1
   b - Blink                          Translocation                2
   c - Call Imp                       Summoning                    2
   d - Slow                           Hexes                        2
   e - Conjure Flame                  Conjuration/Fire             3
   f - Mephitic Cloud                 Conjuration/Poison/Air       3
Comestibles
 d - a bread ration
 k - a royal jelly


   Skills:
 - Level 1.7 Dodging
 - Level 1.7 Stealth
 - Level 3.0 Spellcasting
 - Level 3.0 Conjurations
   Level 1.0 Summonings
 + Level 0.9 Translocations


You had 5 spell levels left.
You knew the following spells:

 Your Spells              Type           Power        Failure   Level  Hunger
a - Magic Dart            Conj           ##..         8%          1    None
b - Blink                 Tloc           N/A          28%         2    ##.....


Dungeon Overview and Level Annotations

Branches:
Dungeon (1/15)

Altars:


Innate Abilities, Weirdness & Mutations

You are immune to rotting.
When seriously injured, your bleeding wounds create armour. (AC +0)


Message History

Unknown command.
Unknown command.
You now have 55 gold pieces (gained 8).
Found a stone staircase leading down.
Found 13 stones.
There is a stone staircase leading down here.
You see here 13 stones.
A rat comes into view.
A rat is nearby!
A rat is nearby!
You closely miss the rat. The rat barely misses you.
You hit the rat.
You kill the rat!
You have reached level 3!
Your experience leads to an increase in your attributes!
Your base attributes are Str 7, Int 19, Dex 11.
Increase (S)trength, (I)ntelligence, or (D)exterity?
You feel clever.
Your demonic ancestry asserts itself...
You feel your blood ready itself to protect you.
Are you sure you want to abandon this character and quit the game? (Confirm with "yes".)

#.# ##..#
##.......###.# # #.#
##.#
##.....####.###.#
#.# .#
##.............#
###.# .#
#..#####...####
....# .# #..#
#...#### #####
####..#####.......
#.(......##.#.####
#.##...#.##.#.#
#@#.>.......#.#
#....†.##...#......#
##########.#########
###


There were no monsters in sight!

Vanquished Creatures
  2 dart slugs (D:1)
  2 leopard geckos (D:1)
  5 bats (D:1)
  2 goblins (D:1)
  3 hobgoblins (D:1)
  2 kobolds (D:1)
  A ball python (D:1)
  4 rats (D:1)
21 creatures vanquished.

Notes
Turn   | Place    | Note
-------+----------+-------------------------------------------
     0 | D:1      | Kaname the Demonspawn Wizard began the quest for the Orb.
     0 | D:1      | Reached XP level 1. HP: 13/13 MP: 4/4
   506 | D:1      | Gained mutation: You are immune to rotting. [demonic ancestry]
   506 | D:1      | Reached XP level 2. HP: 19/19 MP: 1/6
   510 | D:1      | Learned a level 2 spell: Blink
   998 | D:1      | Gained mutation: When seriously injured, your bleeding wounds create armour. (AC +0) [demonic ancestry]
   998 | D:1      | Reached XP level 3. HP: 23/24 MP: 7/7
   999 | D:1      | Quit the game

Vault maps used:
D:1:      dpeg_arrival_circle_labyrinth_a

Skill      XL: |  1  2 |
---------------+-------+-----
Conjurations   | 2 3 |  3.0
Dodging        | |  1.7
Stealth        | |  1.7
Spellcasting   | |  3.0
Summonings     | |  1.0
Translocations | |  0.9

Action                   || total
-------------------------++-------
Melee: Short sword       ||    13
       Spear             ||     2
 Cast: Magic Dart        ||    44
 Stab: Sleeping          ||     1
Armor: Robe              ||     2
Dodge: Dodged            ||     8
Block: Buckler           ||     1

Table legend:
 A = Spawn XP
 B = Non-spawn XP
 C = Spawn XP percentage of total XP
 D = Spawn monster count
 E = Non-spawn monster count
 F = Spawn count percentage of total count
 G = Total turns spent on level
                    A         B        C        D         E        F      G
               +---------+---------+-------+---------+---------+-------+---------
         Total |       0 |      41 |   0.0 |       0 |      21 |   0.0 |   999
               +---------+---------+-------+---------+---------+-------+---------
           D:1 |       0 |      41 |   0.0 |       0 |      21 |   0.0 |   999
               +---------+---------+-------+---------+---------+-------+---------
